 Dungeon Crawl Stone Soup version 0.31-a0-455-g1a7b003ef0 (webtiles) character file.

Game seed: 6837487158570412093

14002 Pooter the Cleaver (level 11, -9/102 HPs)
             Began as a Minotaur Monk on Aug 3, 2023.
             Was a Priest of Okawaru.
             Mangled by Donald
             ... wielding a +1 heavy long sword
              (28 damage)
             ... on level 1 of the Orcish Mines on Aug 4, 2023.
             The game lasted 01:07:59 (14446 turns).

Pooter the Cleaver (Minotaur Monk)                 Turns: 14446, Time: 01:07:59

Health: -9/102     AC: 26    Str: 20    XL:     11   Next: 83%
Magic:  11/12      EV:  6    Int:  7    God:    Okawaru [***...]
Gold:   722        SH:  0    Dex: 19    Spells: 10/10 levels left

rFire   . . .        a - +7 dire flail (protect)
rCold   . . .        (shield currently unavailable)
rNeg    . . .        i - +0 crystal plate armour
rPois   .            (helmet restricted)
rElec   .            (no cloak)
rCorr   .            (no gloves)
SInv    .            (no boots)
Will    .....        K - amulet of the acrobat Stlth
                     s - +6 ring of dexterity
HPRegen 0.37/turn    y - ring of flight
MPRegen 0.13/turn

%: acrobat
@: heroic, under a protective aura, flying
A: horns 2, retaliatory headbutt
a: Renounce Religion, Heroism


You were on level 1 of the Orcish Mines.
You worshipped Okawaru.
Okawaru was most pleased with you.
You visited 3 branches of the dungeon, and saw 13 of its levels.
You also visited: Ossuary and Bailey.

You collected 762 gold pieces.
You spent 40 gold pieces at shops.

Inventory:

Hand Weapons
 a - a +7 dire flail of protection (weapon)
   (You took it off Edmund on level 5 of the Dungeon)
 b - a +0 longbow
   (You found it on level 9 of the Dungeon)
 m - a +0 broad axe
   (You took it off a vault guard in a bailey)
 E - a +0 sling
   (You found it on level 3 of the Dungeon)
 J - a +2 broad axe
   (You found it on level 2 of the Dungeon)
 R - a +0 orcbow
   (You took it off a centaur on level 5 of the Dungeon)
Missiles
 q - 2 throwing nets {!f}
 B - 37 poisoned darts
 H - 14 javelins (quivered)
 Q - 130 stones
 S - 7 boomerangs
 T - a curare-tipped dart
Armour
 i - a +0 crystal plate armour (worn)
   (You took it off a gnoll on level 9 of the Dungeon)
 o - a +2 plate armour
   (You took it off a goblin on level 2 of the Dungeon)
 r - an orb of light
Jewellery
 s - a +6 ring of dexterity (left hand)
   (You found it on level 1 of the Dungeon)
 v - a ring of ice
   (You found it on level 3 of the Dungeon)
 w - an amulet of faith {!P}
   (You found it on level 3 of the Dungeon)
 y - a ring of flight (right hand)
   (You found it on level 4 of the Dungeon)
 K - an amulet of the acrobat (around neck)
   (You found it in an ossuary)
 N - a ring of positive energy
   (You found it on level 8 of the Dungeon)
Wands
 d - a wand of iceblast (9)
   (You found it on level 8 of the Dungeon)
 u - a wand of paralysis (5)
   (You found it on level 10 of the Dungeon)
 I - a wand of mindburst (7)
   (You found it on level 6 of the Dungeon)
Scrolls
 f - a scroll of vulnerability {!r}
 g - 6 scrolls of teleportation {unknown}
 k - a scroll of immolation {!r}
 l - 4 scrolls of fog
 n - 2 scrolls of blinking
 t - 2 scrolls of noise {!r}
 A - 4 scrolls of fear
 D - 2 scrolls of amnesia
 P - a scroll of torment {!r}
Potions
 c - 2 potions of ambrosia
 e - 13 potions of curing {@q1}
 h - 3 potions of magic
 j - 4 potions of haste {@q3}
 p - 5 potions of attraction {!q}
 x - 5 potions of enlightenment
 z - 3 potions of mutation {!q}
 C - 3 potions of heal wounds {@q2}
 F - 3 potions of lignification {unknown}
 G - 4 potions of might
 L - a potion of invisibility {unknown}
 M - 2 potions of brilliance {unknown}
 O - 2 potions of resistance {unknown}


   Skills:
 + Level 11.0(16.0) Fighting
 * Level 14.8(19.8) Axes
 * Level 12.1(17.1) Ranged Weapons
 + Level 3.9(8.9) Armour
 - Level 3.2(8.2) Dodging
 + Level 3.1 Invocations


You had 10 spell levels left.
You didn't know any spells.
Your spell library contained the following spells:

 Spells                   Type           Power      Damage    Failure   Level
 Apportation              Tloc           0%         N/A       100%        1
 Necrotise                Necr           0%         1d4       100%        1
 Wereblood                Tmut           0%         N/A       100%        2
 Hailstorm                Conj/Ice       0%         3d3       100%        3
 Vampiric Draining        Necr           0%         2d6       100%        3
 Vhi's Electric Charge    Tloc/Air       0%         N/A       100%        3
 Cause Fear               Hex            0%         N/A       100%        4
 Agony                    Necr           0%         N/A       100%        5
 Arcjolt                  Conj/Air       0%         1d10      100%        5
 Fireball                 Conj/Fire      0%         3d3       100%        5
 Irradiate                Conj/Tmut      0%         3d11      100%        5
 Plasma Beam              Fire/Air       0%         2x1d10    100%        6
 Summon Small Mammal      Summ           Unusable   N/A       N/A         1
 Summon Ice Beast         Ice/Summ       Unusable   N/A       N/A         4
 Simulacrum               Ice/Necr       Unusable   N/A       N/A         6
 Dragon's Call            Summ           Unusable   N/A       N/A         9

Dungeon Overview and Level Annotations

Branches:
Dungeon (10/15) Zot: 24563  Temple (1/1) D:6 Zot: 5983    Lair (0/5) D:8
    Orc (2/2) D:10 Zot: 10831 Ossuary (visited)          Bailey (visited)
    Elf: Orc:2

Altars:
Ashenzari
Cheibriados
Dithmenos
Elyvilon
Fedhas
Gozag
Hepliaklqana
Kikubaaqudgha
Makhleb
Nemelex Xobeh
Okawaru
Qazlal
Ru
Sif Muna
Trog
Uskayaw
Vehumet
Wu Jian
Xom
Yredelemnul
Zin
The Shining One

Shops:
D:2 (   D:8 [*   Orc:1 (

Annotations:
Orc:1 Donald


Innate Abilities, Weirdness & Mutations

You have a pair of horns on your head.
You reflexively headbutt those who attack you in melee.


Message History

Your weapon exudes an aura of protection.
You kill the orc!
Okawaru accepts your kill.
You puncture the orc! You headbutt the orc.
You kill the orc!
Okawaru accepts your kill.
You start resting.
You fly downwards.
Level annotation: Donald The orc hits you but does no damage.
Donald hits you with a +1 heavy long sword!
There is a stone staircase leading up, spattered with blood here.
The orc hits you but does no damage. Donald hits you but does no damage.
You fly upwards.
There is a stone staircase leading down here.
You gain the combat prowess of a mighty hero.
You can no longer speed up your combat.
The orc hits you but does no damage.
You puncture Donald!
Your weapon exudes an aura of protection.
Your headbutt misses Donald. The orc hits you but does no damage.
Donald mumbles some strange words.
Donald seems to speed up.
You hit Donald.
Donald casts a spell.
Donald seems to grow stronger.
Donald blocks your attack. The orc hits you but does no damage.
You hit Donald but do no damage.
Donald hits you with a +1 heavy long sword!!
You sock Donald! The orc hits you but does no damage.
Donald says, "Okawaru always makes me think of chokos."
Donald hits you with a +1 heavy long sword.
Donald blocks your attack. The orc hits you but does no damage.
You sock Donald!
Donald says, "I wonder if there's an end to this place."
Donald hits you with a +1 heavy long sword.
You sock Donald! You headbutt Donald, but do no damage.
The orc hits you with a +0 short sword.
You completely miss Donald.
Donald hits you with a +1 heavy long sword!!
* * * LOW HITPOINT WARNING * * *
Donald blocks your attack. The orc hits you but does no damage.
Donald says, "I'll never be able to carry all this gold!
I hate that."
Donald hits you with a +1 heavy long sword!!
* * * LOW HITPOINT WARNING * * *
You hit Donald. Donald blocks your attack. The orc hits you but does no damage.
Unknown command.
You impale Donald!!
Donald hits you with a +1 heavy long sword!!
You die...

#.........................#
##......#.............#..##
### ##....................###
#.###...#.............#...##
...##....#...#....#........#
...###....................###
....#....#..#...........[.#.##
..........##...@.o...........#
...............[@[...#.......#
...#...##......[......#.#...##
#.#...###....................#
........##..................##
#......................##.###
##........)......#......###
.....###........#####....#
.....#........#####.#...##
................##...#.##


You could see Donald (fast, strong) and an orc.

Vanquished Creatures
  2 vault guards (Bailey)
  2 two-headed ogres (D:10)
  2 orc knights (D:10)
  An orc sorcerer (Orc:1)
  Joseph (D:8)
  A kobold demonologist (D:9)
  An unseen horror (D:10)
  4 trolls
  Prince Ribbit (Bailey)
  A shadow (D:10)
  2 wyverns
  A wraith (D:9)
  4 humans (Bailey)
  A steam dragon (D:8)
  6 wargs
  Edmund (D:5)
  2 water moccasins
  9 orc warriors
  3 ice beasts
  2 sky beasts
  2 black bears
  3 ogres
  3 wolves
  4 centaurs
  5 kobold brigands
  13 bullfrogs
  2 gnoll sergeants (D:9)
  11 scorpions
  3 jellies
  7 killer bees
  3 electric eels (D:8)
  A howler monkey (D:4)
  2 centaur zombies (Ossuary)
  8 hounds
  7 orc priests
  2 human zombies (Ossuary)
  5 iguanas
  7 scorpion zombies
  7 orc wizards
  4 mummies
  8 gnolls (D:9)
  5 adders
  2 white imps
  An ufetubus (D:5)
  An adder zombie (D:3)
  6 worms
  2 dart slugs
  38 orcs
  7 endoplasms
  2 giant cockroaches
  2 gnoll zombies (Ossuary)
  13 goblins
  9 hobgoblins
  5 jackals
  32 kobolds
  4 quokkas
  10 ball pythons
  A ball python zombie (D:3)
  5 bats
  7 frilled lizards
  A giant cockroach zombie (D:3)
  3 goblin zombies (Ossuary)
  2 kobold zombies (D:6)
  7 rats
319 creatures vanquished.

Vanquished Creatures (others)
  A wizard (D:7)
1 creature vanquished.

Grand Total: 320 creatures vanquished

Notes
Turn   | Place    | Note
-------+----------+-------------------------------------------
     0 | D:1      | Pooter the Minotaur Monk began the quest for the Orb.
     0 | D:1      | Reached XP level 1. HP: 19/19 MP: 0/0
    79 | D:1      | Reached skill level 4 in Axes
   128 | D:1      | Reached XP level 2. HP: 23/27 MP: 1/1
   737 | D:1      | Reached XP level 3. HP: 33/33 MP: 2/2
   945 | D:2      | Found Afaex's Weapon Emporium.
  1048 | D:2      | Reached skill level 5 in Axes
  1215 | D:2      | Reached XP level 4. HP: 41/41 MP: 3/3
  2232 | D:3      | Found a glowing silver altar of Zin.
  2304 | D:3      | Found a basalt altar of Yredelemnul.
  2344 | D:3      | Reached XP level 5. HP: 44/47 MP: 4/4
  2605 | D:3      | Reached skill level 6 in Axes
  2711 | D:4      | Noticed a black bear
  2718 | D:4      | Killed a black bear
  2719 | D:4      | Reached skill level 5 in Fighting
  2719 | D:4      | Reached skill level 1 in Ranged Weapons
  2723 | D:4      | Reached XP level 6. HP: 52/56 MP: 5/5
  2861 | D:4      | Found an opulent altar of Gozag.
  3020 | D:4      | Reached skill level 7 in Axes
  3922 | D:4      | Found a burning altar of Makhleb.
  4140 | D:5      | Entered Level 5 of the Dungeon
  4258 | D:5      | Reached XP level 7. HP: 63/63 MP: 6/6
  4355 | D:5      | Reached skill level 8 in Axes
  4447 | D:5      | Found a glowing golden altar of the Shining One.
  4623 | D:5      | Noticed Edmund
  4635 | D:5      | Killed Edmund
  4799 | D:6      | Found a staircase to the Ecumenical Temple.
  4802 | D:6      | Reached XP level 8. HP: 71/71 MP: 7/7
  4853 | D:6      | Reached skill level 9 in Axes
  4879 | D:6      | Found a sand-covered staircase.
  4887 | Ossuary  | Entered an ossuary
  4928 | Ossuary  | Reached skill level 5 in Ranged Weapons
  5069 | Ossuary  | Reached skill level 10 in Axes
  5270 | Ossuary  | Reached XP level 9. HP: 40/80 MP: 8/8
  6338 | Temple   | Entered the Ecumenical Temple
  6346 | Temple   | Became a worshipper of Warmaster Okawaru
  6346 | Temple   | Reached * piety under Okawaru
  6346 | Temple   | Reached ** piety under Okawaru
  6388 | D:7      | Found a bloodstained altar of Trog.
  6443 | D:7      | Found a flagged portal.
  6456 | Bailey   | Entered a bailey
  6467 | Bailey   | Reached skill level 11 in Axes
  6636 | Bailey   | Noticed a vault guard
  6643 | Bailey   | Killed a vault guard
  6643 | Bailey   | Reached *** piety under Okawaru
  6644 | Bailey   | Reached skill level 12 in Axes
  6644 | Bailey   | Reached XP level 10. HP: 81/91 MP: 6/9
  6691 | Bailey   | Noticed a vault guard
  6691 | Bailey   | Noticed Prince Ribbit
  6694 | Bailey   | Killed Prince Ribbit
  6706 | Bailey   | Killed a vault guard
  7225 | D:7      | Found a shimmering altar of Xom.
  7416 | D:7      | Noticed a wizard
  7421 | D:7      | Killed a wizard
  7607 | D:8      | Reached skill level 10 in Ranged Weapons
  7887 | D:8      | Reached skill level 13 in Axes
  8561 | D:8      | Reached **** piety under Okawaru
  8769 | D:8      | Noticed Joseph
  8783 | D:8      | Killed Joseph
  8784 | D:8      | Reached skill level 10 in Fighting
  9021 | D:8      | Found a staircase to the Lair.
  9493 | D:8      | Found Vannizil's General Store.
  9499 | D:8      | Found Ydghuepe's Armour Emporium.
  9508 | D:8      | Bought a scroll of identify for 20 gold pieces
  9508 | D:8      | Bought a scroll of identify for 20 gold pieces
 10171 | D:9      | Reached XP level 11. HP: 99/99 MP: 10/10
 10864 | D:10     | Entered Level 10 of the Dungeon
 10864 | D:10     | Noticed a two-headed ogre
 10872 | D:10     | Killed a two-headed ogre
 10873 | D:10     | Reached skill level 1 in Armour
 11010 | D:10     | Noticed a two-headed ogre
 11031 | D:9      | Reached skill level 14 in Axes
 11031 | D:9      | Reached skill level 1 in Invocations
 11062 | D:10     | Killed a two-headed ogre
 12106 | D:10     | Found a shimmering blue altar of Sif Muna.
 12123 | D:10     | Found a staircase to the Orcish Mines.
 12445 | Orc:1    | Entered Level 1 of the Orcish Mines
 13354 | Orc:1    | Noticed an orc sorcerer
 13356 | Orc:1    | Noticed an orc knight
 13376 | D:10     | Killed an orc knight
 13570 | Orc:1    | Paralysed by an orc sorcerer for 2 turns
 13578 | Orc:1    | Killed an orc sorcerer
 13702 | Orc:1    | Noticed an orc knight
 13733 | D:10     | Killed an orc knight
 13919 | Orc:1    | Found Umuaziul's Antique Weapon Boutique.
 14294 | Orc:2    | Entered Level 2 of the Orcish Mines
 14386 | Orc:2    | Noticed Donald
 14446 | Orc:1    | Mangled by Donald

Illustrated notes

Levels and vault maps discovered:
D:1:      dpeg_arrival_chambers_temple_mockup, layout_loops_ring
D:2:      layout_loops_ring, serial_shops, nicolae_shop_bloodbath_and_beyond,
          nicolae_concentric_dashed_squares_wild
D:3:      minmay_razor_zed, layout_basic, nicolae_yredelemnul_corpse_copse,
          zin_academy
D:4:      layout_layer_cave, mainiacjoe_overflow_alcove_1, amcnicky_altar_gilded
D:5:      layout_rooms, kennysheep_mini_moat, uniq_edmund
D:6:      layout_basic, minmay_temple_entry_wispy, nicolae_ossuary_entry_giza,
          glass_columns_a, kennysheep_another_room
D:7:      layout_basic, trog_wizard, nicolae_overflow_crystal_walls,
          enter_bailey_7
D:8:      layout_rooms, erik_lair_island, nicolae_wooded_promenade, uniq_joseph
D:9:      layout_stronghold, serial_co_window_serial, co_window_paths_a,
          co_window_corner_a, co_window_paths_a, co_window_paths_a,
          co_window_of_opportunity_a, co_window_corner_a, co_window_paths_a,
          co_window_broadway_b, co_window_broadway_a, co_window_corner_b,
          co_window_4corner_b, co_window_paths_e, glass_columns_a, minmay_holes
D:10:     layout_roguey, mainiacjoe_overflow_alcove_4,
          minmay_orc_entry_guard_dogs, statue_in_the_mist_lemuel, minmay_puff
Temple:   nicolae_temple_two_arcs
Orc:1:    layout_caves, serial_shops, nicolae_shop_statue_plus
Orc:2:    st_orc_open, layout_diamond_mine, uniq_donald

Skill      XL: |  1  2  3  4  5  6  7  8  9 10 11 |
---------------+----------------------------------+-----
Axes           | 4 5 6 7 8 10 12 13 14 | 14.8
Fighting       | 4 5 6 7 9 10 11 | 11.0
Ranged Weapons | 2 3 4 6 9 10 12 | 12.1
Armour         | 3 |  3.9
Invocations    | 3 |  3.1
Dodging        | |  3.2

Action                     |  1- 3 |  4- 6 |  7- 9 | 10-12 || total
---------------------------+-------+-------+-------+-------++-------
  Melee: Hand axe          |    79 |    10 |       |       ||    89
         Headbutt          |    14 |    21 |    52 |    74 ||   161
         Broad axe         |       |    77 |   172 |    68 ||   317
         Dire flail        |       |       |       |   238 ||   238
   Fire: Sling             |       |    35 |    13 |    14 ||    62
         Orcbow            |       |       |       |    82 ||    82
         Longbow           |       |       |       |    62 ||    62
  Throw: Dart              |       |       |     2 |       ||     2
         Boomerang         |       |       |     4 |     2 ||     6
         Throwing net      |       |       |     1 |       ||     1
         Javelin           |       |       |       |     4 ||     4
 Invoke: Heroism           |       |       |     2 |    19 ||    21
  Evoke: Wand              |       |       |       |     9 ||     9
    Use: Scroll            |       |     9 |     9 |     9 ||    27
   Stab: Held in net/web   |       |       |     1 |       ||     1
 Armour: Robe              |     3 |       |       |       ||     3
         Scale mail        |    20 |     2 |       |       ||    22
         Plate armour      |       |    50 |   116 |   106 ||   272
         Crystal plate arm |       |       |       |   163 ||   163
  Dodge: Dodged            |    36 |    21 |    76 |   144 ||   277

Table legend: (Time is in decaauts)
 A = Elapsed time spent in this place.
 B = Non-inter-level travel time spent in this place.
 C = Inter-level travel time spent in this place.
 D = Time resting spent in this place.
 E = Time spent auto-exploring this place.
 F = Levels seen in this place.
 G = Mean time per level.
                   A        B        C        D        E       F      G
               +--------+--------+--------+--------+--------+-----+--------+
         Total |  14549 |  14173 |    376 |   3970 |   7529 |  15 |  969.9 |
       Dungeon |  12312 |  11968 |    344 |   3114 |   6848 |  10 | 1231.2 |
        Temple |     16 |      9 |      7 |      0 |      0 |   1 |   16.0 |
  Orcish Mines |   1167 |   1143 |     24 |    377 |    491 |   2 |  583.5 |
       Ossuary |    604 |    604 |      0 |    254 |     90 |   1 |  604.0 |
        Bailey |    448 |    448 |      0 |    224 |    100 |   1 |  448.0 |
               +--------+--------+--------+--------+--------+-----+--------+

Top non-repeatable levels by time:
    D:10: 2397 daAuts
     D:8: 1617 daAuts
     D:4: 1483 daAuts
     D:9: 1311 daAuts
     D:7: 1163 daAuts
   Orc:1: 1140 daAuts
     D:6: 1012 daAuts
     D:1: 935 daAuts
     D:2: 885 daAuts
     D:3: 884 daAuts
     D:5: 620 daAuts
 Ossuary: 604 daAuts
  Bailey: 448 daAuts
   Orc:2: 27 daAuts
  Temple: 16 daAuts
